Map: 2000 Atmospheres LE

Players

AGOElazer (Elazer)

  • Race: Zerg Zerg
  • League: Grandmaster

Reynor - Winner!

  • Race: Zerg Zerg
  • League: Master

Event: DreamHack SC2 Masters 2021 Summer

VOD

Have the link to the VOD?

Description

Time

  • Played on: June 1, 2021, 9:34 a.m.
  • Length: 19:41

All games in this series

Show
View Real Time Build Order
Export as new Build Order

AGOElazer Zerg 

Build Orders: Hatch First, Lurkers, Roach Hydra 

Get SALT Encoding   

  12  0:00  Drone  
  13  0:12  Overlord  
  13  0:16  Drone  
  14  0:30  Drone x2  
  16  0:48  Hatchery  
  15  0:51  Drone  
  15  0:54  Drone  
  17  0:57  Drone  
  18  1:08  Extractor  
  17  1:13  Spawning Pool  
  17  1:16  Drone  
  17  1:20  Drone  
  18  1:28  Drone  
  19  1:38  Drone  
  20  1:50  Drone  
  21  1:59  Queen x2  
  21  2:00  Zergling x2  
  21  2:01  Overlord  
  26  2:08  Metabolic Boost  
  26  2:11  Drone x2  
  30  2:22  Drone x2  
  30  2:32  Hatchery  
  30  2:35  Drone  
  30  2:37  Drone  
  31  2:45  Evolution Chamber  
  31  2:46  Drone  
  31  2:48  Overlord  
  30  2:56  Drone x2  
  32  3:07  Drone x6  
  32  3:10  Zergling x2  
  32  3:11  Zergling x2  
  40  3:17  Zergling x4  
  42  3:21  Zerg Ground Armor Level 1  
  42  3:27  Overlord  
  42  3:29  Zergling x2  
  42  3:33  Roach Warren  
  42  3:38  Drone  
  43  3:44  Overlord  
  43  3:45  Extractor  
  43  3:46  Drone x4  
  43  3:47  Drone  
  47  3:49  Drone  
  48  3:56  Extractor, Queen  
  48  3:58  Drone  
  48  4:00  Drone  
  48  4:01  Drone  
  52  4:07  Drone x2  
  54  4:10  Drone x3  
  54  4:11  Drone  
  54  4:16  Overlord  
  58  4:19  Lair  
  58  4:22  Drone x2  
  60  4:27  Drone x3  
  60  4:30  Overlord  
  63  4:33  Roach  
  65  4:40  Roach x2  
  65  4:42  Overlord  
  69  4:46  Roach x2  
  69  4:47  Zergling x2  
  69  4:49  Zergling x6  
  69  4:50  Zergling x2  
  78  4:57  Zergling x4  
  78  4:59  Overlord  
  80  5:07  Overlord  
  80  5:10  Queen x2  
  86  5:14  Drone x3  
  86  5:15  Drone x2  
  86  5:17  Zerg Missile Weapons Level 1  
  86  5:23  Overlord  
  86  5:27  Spore Crawler  
  83  5:29  Queen  
  83  5:30  Spore Crawler  
  83  5:32  Spore Crawler  
  83  5:35  Spore Crawler  
  82  5:40  Spore Crawler, Roach  
  83  5:46  Queen, Roach  
  83  5:47  Roach x3  
  83  5:49  Queen  
  93  5:52  Overlord  
  93  5:55  Drone x2  
  97  5:59  Drone  
  98  6:05  Overlord  
  97  6:12  Drone x9  
  106  6:18  Queen, Infestation Pit  
  106  6:19  Extractor  
  106  6:21  Overlord  
  106  6:25  Overlord  
  105  6:26  Queen  
  105  6:31  Queen  
  108  6:35  Drone x5  
  108  6:37  Drone  
  114  6:40  Drone x3  
  114  6:42  Drone x2  
  119  6:48  Spore Crawler  
  119  6:51  Spore Crawler  
  119  6:53  Extractor x2  
  115  6:57  Infestor x3  
  115  6:59  Hive  
  121  7:01  Drone  
  121  7:04  Hydralisk Den, Glial Reconstitution  
  121  7:12  Roach  
  121  7:13  Roach x3  
  129  7:18  Overlord x2  
  129  7:19  Zerg Ground Armor Level 2  
  128  7:32  Overlord x6  
  126  7:38  Drone x3  
  126  7:40  Grooved Spines  
  129  7:50  Roach x4  
  137  7:51  Overlord  
  137  8:02  Overlord  
  137  8:05  Spore Crawler  
  136  8:10  Roach x4  
  144  8:14  Lurker Den, Viper x2  
  148  8:21  Spore Crawler  
  148  8:22  Drone  
  148  8:23  Drone x4  
  148  8:25  Spore Crawler x2  
  148  8:26  Spore Crawler x2  
  148  8:32  Spore Crawler  
  147  8:34  Hydralisk x6  
  147  8:40  Overlord  
  158  8:49  Roach x5  
  155  9:09  Drone x6  
  161  9:11  Seismic Spines  
  161  9:12  Muscular Augments  
  161  9:15  Hydralisk x2  
  165  9:18  Lurker x2  
  167  9:27  Hydralisk x3  
  171  9:41  Drone x4  
  171  9:45  Drone  
  145  9:51  Lurker x3  
  145  9:52  Drone x2  
  140  9:56  Drone  
  140  9:57  Hatchery  
  134  10:01  Lurker x2  
  134  10:06  Hydralisk x2  
  140  10:15  Hydralisk x3  
  140  10:19  Queen x3  
  152  10:27  Overlord  
  152  10:29  Drone x2  
  152  10:30  Drone  
  155  10:36  Hydralisk x3  
  155  10:41  Spore Crawler  
  160  10:42  Spore Crawler  
  160  10:49  Hatchery  
  152  10:52  Adaptive Talons  
  152  10:55  Hydralisk x5  
  156  11:28  Lurker x3  
  156  11:29  Drone x10  
  169  11:35  Zerg Missile Weapons Level 2  
  169  11:36  Overlord  
  170  11:40  Drone x2, Lurker x2  
  170  11:41  Drone x3  
  176  11:49  Extractor  
  175  11:55  Hydralisk x3  
  175  11:56  Spore Crawler  
  180  12:02  Spore Crawler  
  180  12:05  Spore Crawler  
  180  12:07  Drone x2  
  172  12:17  Spore Crawler  
  172  12:18  Hydralisk x9  
  186  12:29  Spore Crawler  
  185  12:33  Extractor, Drone  
  185  12:34  Drone x5  
  185  12:37  Spore Crawler x2  
  189  12:41  Lurker  
  189  12:42  Lurker x2, Spore Crawler  
  189  12:44  Pneumatized Carapace, Overseer x4  
  188  12:45  Spore Crawler  
  187  12:52  Drone x4  
  187  12:53  Drone  
  187  12:56  Hydralisk  
  187  12:57  Hydralisk  
  196  12:59  Spore Crawler x2  
  196  13:02  Spore Crawler  
  188  13:26  Drone x2  
  187  13:30  Viper x2  
  187  13:31  Viper x2  
  199  13:35  Overseer x2  
  199  13:37  Overseer  
  199  13:53  Drone x4  
  195  13:57  Hydralisk x2  
  193  14:11  Hydralisk x4  
  179  14:40  Overseer x2, Overlord  
  179  14:50  Hatchery  
  178  14:58  Hatchery  
  154  15:09  Hydralisk x16  
  154  15:11  Viper x3  
  193  15:27  Extractor  
  177  15:28  Hydralisk  
  177  15:29  Hydralisk x7  
  177  15:33  Hydralisk x2  
  185  15:41  Lurker  
  181  15:56  Lurker x3  
  180  15:57  Hydralisk  
  174  16:20  Lurker x3  
  177  16:31  Lurker x2  
  179  16:32  Hatchery  
  179  16:33  Drone x7  
  179  16:38  Lurker x2  
  187  16:42  Unknown  
  185  16:49  Overseer  
  185  16:50  Hatchery  
  185  16:52  Drone  
  185  16:53  Drone x2  
  184  16:56  Lurker x2  
  186  17:11  Viper  
  186  17:14  Viper  
  174  17:34  Hydralisk x10  
  194  17:48  Hydralisk  
  194  17:49  Hydralisk x5  
  182  17:55  Hydralisk  
  182  17:56  Hydralisk x2  
  180  18:10  Hydralisk x5  
  180  18:11  Hydralisk  
  157  18:15  Hydralisk x2  
  145  18:21  Hydralisk x2  
  133  18:31  Hydralisk x2  
  111  18:36  Hydralisk x2  
  109  18:41  Roach x2  
  109  18:54  Drone x7  
  109  18:55  Extractor  
  115  18:57  Hatchery  
  114  19:04  Lurker  
  114  19:05  Lurker  
  114  19:06  Drone x3  
  114  19:07  Lurker  
  120  19:12  Extractor, Hydralisk  
Show
View Real Time Build Order
Export as new Build Order

Reynor Zerg - Winner!

Build Orders: Hatch First, Lurkers, Muta Ling Bane 

Get SALT Encoding   

  12  0:00  Drone  
  13  0:12  Overlord  
  13  0:16  Drone  
  14  0:30  Drone x2  
  16  0:47  Hatchery  
  15  0:50  Drone  
  15  0:54  Drone  
  17  0:58  Drone  
  18  1:07  Extractor  
  17  1:13  Spawning Pool  
  17  1:16  Drone  
  17  1:19  Drone  
  18  1:27  Drone  
  19  1:38  Drone  
  20  1:48  Overlord  
  20  1:59  Drone x2, Queen x2  
  26  2:12  Drone x2  
  28  2:21  Drone  
  28  2:22  Drone  
  30  2:32  Drone, Overlord  
  30  2:35  Queen  
  30  2:36  Lair  
  33  2:41  Extractor  
  33  2:42  Drone  
  33  2:43  Drone  
  34  2:48  Evolution Chamber  
  33  2:53  Drone x2  
  35  3:03  Drone  
  35  3:04  Drone  
  37  3:07  Overlord  
  37  3:08  Drone x5  
  42  3:15  Zerg Melee Weapons Level 1  
  42  3:21  Roach Warren  
  42  3:24  Metabolic Boost  
  42  3:27  Drone  
  42  3:29  Drone  
  42  3:30  Drone  
  44  3:35  Evolution Chamber  
  44  3:37  Drone  
  44  3:38  Drone  
  44  3:39  Drone  
  46  3:43  Drone x2  
  46  3:45  Drone  
  49  3:48  Drone  
  49  3:49  Extractor  
  49  3:50  Extractor, Overlord  
  48  3:58  Spire  
  48  4:02  Drone x2  
  49  4:03  Drone  
  49  4:05  Drone  
  51  4:11  Zergling x4, Glial Reconstitution  
  51  4:13  Zergling x2  
  51  4:15  Zergling x2  
  56  4:17  Zergling x2  
  56  4:20  Overlord  
  56  4:22  Zergling x2  
  56  4:23  Zergling x2  
  58  4:25  Zergling x2  
  58  4:29  Zergling x2  
  60  4:34  Overlord  
  60  4:40  Zergling x2  
  60  4:44  Zergling x6  
  64  4:51  Hatchery  
  63  5:05  Overlord  
  62  5:08  Overlord  
  62  5:11  Mutalisk x2  
  62  5:12  Mutalisk x4  
  74  5:18  Overlord  
  74  5:21  Mutalisk  
  73  5:24  Zergling x2  
  73  5:25  Zergling x6  
  79  5:31  Mutalisk  
  79  5:34  Drone  
  82  5:36  Drone  
  82  5:42  Overlord  
  83  5:47  Mutalisk x2  
  87  5:52  Drone x3  
  89  5:57  Overlord  
  89  5:58  Drone x2  
  89  6:01  Mutalisk  
  89  6:03  Drone x2  
  95  6:11  Overlord  
  95  6:13  Drone, Zerg Melee Weapons Level 2  
  96  6:19  Mutalisk  
  96  6:22  Drone  
  99  6:26  Drone x4  
  99  6:29  Hatchery  
  102  6:33  Mutalisk  
  102  6:35  Zergling x6  
  102  6:36  Zergling x2  
  108  6:41  Extractor  
  108  6:42  Extractor  
  108  6:43  Mutalisk  
  108  6:47  Overlord  
  108  6:48  Drone x4  
  108  6:51  Mutalisk  
  108  6:53  Drone  
  115  6:58  Baneling Nest  
  115  7:00  Mutalisk  
  116  7:05  Overlord  
  116  7:06  Drone  
  116  7:08  Drone  
  118  7:14  Mutalisk  
  120  7:17  Drone x3  
  120  7:20  Drone x4  
  120  7:21  Overlord  
  127  7:24  Mutalisk x2  
  127  7:27  Overlord  
  131  7:35  Drone x2, Overseer  
  131  7:36  Overseer  
  133  7:38  Drone x2, Pneumatized Carapace  
  133  7:39  Overseer  
  133  7:40  Drone x4  
  133  7:41  Drone x2  
  141  7:45  Zerg Flyer Weapons Level 1  
  141  7:46  Zergling x6  
  141  7:47  Zergling x2  
  145  7:53  Centrifical Hooks  
  145  7:54  Extractor  
  145  7:56  Extractor  
  145  7:57  Drone  
  145  7:58  Drone, Spore Crawler  
  144  7:59  Spore Crawler  
  144  8:04  Drone x6  
  149  8:06  Queen  
  150  8:14  Overlord  
  150  8:15  Zergling x14  
  157  8:22  Overlord  
  157  8:29  Zergling x4  
  157  8:31  Overlord  
  159  8:36  Baneling x19  
  159  8:38  Zergling x12  
  159  8:40  Overlord  
  165  8:41  Zergling x2  
  165  8:42  Zergling x6  
  165  8:46  Mutalisk  
  170  8:50  Infestation Pit  
  160  9:04  Drone x5  
  166  9:10  Zergling x12  
  166  9:11  Baneling x18  
  166  9:15  Hatchery, Baneling x4  
  170  9:18  Zerg Missile Weapons Level 1, Zerg Ground Armor Level 1  
  170  9:21  Zergling x8  
  166  9:31  Zergling x22  
  170  9:43  Mutalisk x7  
  168  9:45  Zergling x2, Overseer  
  168  9:46  Zergling x2  
  168  9:49  Zergling x8  
  173  9:54  Hive  
  173  9:59  Baneling x7  
  173  10:02  Overseer  
  173  10:08  Zergling x10, Hydralisk Den  
  173  10:13  Hatchery  
  176  10:16  Baneling x8  
  176  10:19  Overlord  
  176  10:27  Baneling x6  
  173  10:30  Drone x6  
  173  10:31  Drone  
  173  10:33  Baneling x2  
  173  10:34  Baneling x2  
  180  10:39  Muscular Augments  
  180  10:40  Lurker Den  
  179  10:45  Drone x5  
  179  10:46  Drone  
  185  10:55  Extractor x2  
  165  11:05  Zergling x2  
  165  11:06  Zergling x24  
  165  11:10  Hydralisk x2  
  165  11:11  Hydralisk x3  
  179  11:12  Viper x3  
  190  11:20  Hydralisk x2  
  190  11:21  Hydralisk, Zergling x4  
  168  11:25  Queen  
  168  11:29  Baneling x5  
  168  11:30  Baneling x4  
  168  11:32  Drone x4  
  174  11:39  Drone x3  
  177  11:41  Hatchery  
  177  11:42  Spore Crawler x2  
  174  11:48  Seismic Spines  
  174  11:52  Lurker x4  
  178  11:56  Spore Crawler  
  178  11:58  Spine Crawler, Hydralisk x3  
  178  11:59  Zergling x14  
  189  12:07  Hydralisk, Lurker x3  
  190  12:09  Drone x3  
  190  12:10  Drone  
  190  12:12  Extractor  
  190  12:13  Extractor  
  192  12:22  Adrenal Glands  
  188  12:24  Hydralisk x4  
  195  12:38  Hydralisk x2  
  195  12:40  Overseer x2  
  195  12:41  Unknown  
  195  12:42  Zerg Missile Weapons Level 2  
  198  12:44  Zerg Ground Armor Level 2  
  198  12:59  Spore Crawler x2  
  196  13:06  Hydralisk  
  196  13:07  Spore Crawler  
  196  13:08  Adaptive Talons  
  190  13:19  Overlord  
  186  13:22  Hydralisk x5  
  186  13:25  Overlord  
  190  13:29  Hydralisk x2  
  190  13:32  Hydralisk  
  193  13:35  Baneling  
  193  13:36  Overlord  
  193  13:39  Viper x2  
  199  13:43  Overseer  
  199  13:47  Lurker  
  199  13:58  Grooved Spines  
  199  14:01  Drone x2  
  197  14:07  Viper x2  
  197  14:09  Baneling x2  
  199  14:20  Hydralisk  
  199  14:21  Hydralisk x3  
  196  14:25  Overseer  
  196  14:26  Overlord  
  191  14:33  Hydralisk x2  
  191  14:34  Hydralisk x2  
  183  15:04  Hydralisk, Lurker x3  
  183  15:05  Hydralisk x8  
  199  15:09  Hatchery  
  199  15:10  Overseer x2, Overlord x3  
  199  15:11  Overseer x2, Zerg Ground Armor Level 3  
  198  15:15  Overlord  
  194  15:25  Overlord  
  188  15:32  Hydralisk x6  
  191  15:46  Viper x2  
  191  15:47  Viper x2  
  195  16:08  Overseer  
  195  16:09  Hydralisk x4  
  197  16:14  Lurker  
  197  16:15  Lurker x5  
  200  16:37  Extractor  
  193  16:40  Extractor  
  193  16:46  Hatchery  
  191  16:51  Lurker  
  191  16:52  Lurker x4  
  191  16:53  Hydralisk x2  
  200  16:55  Overseer x3  
  193  17:35  Hydralisk x4  
  190  17:50  Hydralisk x13  
  190  17:51  Hydralisk  
  196  18:00  Overseer x10  
  187  18:05  Hydralisk x2  
  187  18:06  Hydralisk x4  
  187  18:11  Hydralisk x4  
  193  18:24  Hydralisk x7  
  193  18:25  Hydralisk  
  191  18:30  Overlord x2  
  191  18:33  Overlord x4  
  174  18:39  Hydralisk x11  
  174  18:40  Hydralisk x2  
  175  18:44  Hydralisk  
  175  18:46  Overlord x2  
  177  18:51  Lurker  
  177  18:52  Lurker x6  
  177  18:54  Hydralisk x3  
  190  18:58  Hydralisk x2, Lurker x4  
  190  18:59  Zergling x4  
  200  19:07  Extractor x2  
  200  19:08  Lurker x2  
  200  19:11  Overseer  
Tags
 
Add a new tag
Caveats
  • Supply blocks, unpowered buildings, or Contaminate may cause inaccurate times.
  • Supply counts are checked every 10 seconds.